 Dungeon Crawl Stone Soup version 0.27.1-2-g3b301248ec (webtiles) character file.

Game seed: 3275656854465588960

783 pkoi the Shield-Bearer (level 7, -4/57 HPs)
             Began as a Minotaur Fighter on Sept 30, 2021.
             Was a Follower of Makhleb.
             Slain by an ogre (21 damage)
             ... on level 5 of the Dungeon.
             The game lasted 00:06:25 (5956 turns).

pkoi the Shield-Bearer (Minotaur Fighter)           Turns: 5956, Time: 00:06:26

Health: -4/57      AC: 13    Str: 22    XL:     7   Next: 55%
Magic:  9/9        EV:  4    Int:  5    God:    Makhleb [*.....]
Gold:   214        SH: 11    Dex: 10    Spells: 6/6 levels left

rFire    . . .     SeeInvis .   a - +0 long sword (vamp)
rCold    . . .     Faith    .   c - +1 kite shield
rNeg     . . .     Spirit   .   h - +0 plate armour
rPois    .         Reflect  .   (helmet restricted)
rElec    .         Harm     .   e - +0 cloak
rCorr    .         Rampage  .   f - +0 pair of gloves
Will     +....                  (no boots)
Stlth    ..........             (no amulet)
HPRegen  0.19/turn              r - ring of willpower
MPRegen  0.11/turn              (no ring)

@: no status effects
A: horns 2, retaliatory headbutt
a: Renounce Religion


You were on level 5 of the Dungeon.
You worshipped Makhleb.
Makhleb was aware of your devotion.
You visited 2 branches of the dungeon, and saw 6 of its levels.

You collected 214 gold pieces.

Inventory:

Hand Weapons
 a - a +0 vampiric long sword (weapon)
Armour
 b - a +0 scale mail
 c - a +1 kite shield (worn)
 e - a +0 cloak (worn)
 f - a +0 pair of gloves (worn)
 h - a +0 plate armour (worn)
Jewellery
 r - a ring of willpower (left hand)
Wands
 o - a wand of digging (6)
Scrolls
 m - a scroll of blinking
 p - 3 scrolls of identify
Potions
 d - 3 potions of might
 g - a potion of haste {unknown}
 i - a potion of cancellation {unknown}
 j - 6 potions of curing {unknown}
 k - a potion of heal wounds {unknown}
 l - a potion of mutation {unknown}
 n - a potion of magic {unknown}
 q - a potion of lignification {unknown}


   Skills:
 - Level 3.6 Fighting
 + Level 6.7 Long Blades
 - Level 3.6 Armour
 + Level 6.9 Shields
 + Level 4.2 Invocations


You had 6 spell levels left.
You didn't know any spells.
Your spell library contained the following spells:

 Spells                   Type           Power      Damage    Failure   Level
 Magic Dart               Conj           0%         1d3       100%        1
 Sandblast                Erth           0%         2d4       100%        1
 Call Imp                 Summ           0%         N/A       100%        2
 Passwall                 Tmut/Erth      0%         N/A       100%        2
 Mephitic Cloud           Conj/Pois/Air  0%         N/A       100%        3
 Lee's Rapid Deconstruct  Erth           0%         3d5*      100%        5


Dungeon Overview and Level Annotations

Branches:
Dungeon (5/15)             Temple (1/1) D:4

Altars:
Ashenzari
Cheibriados
Dithmenos
Fedhas
Gozag
Hepliaklqana
Makhleb
Nemelex Xobeh
Qazlal
Ru
Sif Muna
Trog
Uskayaw
Wu Jian
Zin
The Shining One

Shops:
D:4 :


Innate Abilities, Weirdness & Mutations

You have a pair of horns on your head.
You reflexively headbutt those who attack you in melee.


Message History

The adder is severely wounded.
The adder bites you. You block the adder's attack.
Unknown command.
You barely miss the adder.
The adder is severely wounded.
The adder barely misses you. You furiously retaliate!
You headbutt the adder.
You kill the adder!
Makhleb accepts your kill.
Unknown command.
You now have 214 gold pieces (gained 5).
p - 2 scrolls of identify (gained 1)
p - 3 scrolls of identify (gained 1)
Found a scale mail.
An ogre comes into view. It is wielding a +0 giant club.
Found a purple potion and a scroll labelled YSEZ ELOMMOEM.
An ogre is nearby!
An ogre is nearby!
Found a rapier.
The ogre hits you with a +0 giant club!
You see here a scroll labelled YSEZ ELOMMOEM.
You slash the ogre!
You feel better.
You headbutt the ogre.
The ogre is heavily wounded.
The ogre completely misses you.
You hit the ogre but do no damage.
The ogre is heavily wounded.
You block the ogre's attack.
Your shield and plate armour prevent you from hitting the ogre.
The ogre is heavily wounded.
The ogre hits you with a +0 giant club!
You barely miss the ogre.
The ogre is heavily wounded.
The ogre hits you with a +0 giant club!!
* * * LOW HITPOINT WARNING * * *
You hit the ogre.
You feel better.
The ogre is severely wounded.
You block the ogre's attack.
You hit the ogre.
The ogre is almost dead.
The ogre hits you with a +0 giant club!!
You die...

.. .......†.......?..
#..#.......#......###
#.)#..##.###.........
####..#..##..........###
.!......................
#....[..........##...###
.###.#.###.###......###
#..#.#.#.....###.....
#...@..#.###+# #.....
.......O#.#.# ...###
........#.#.# ...#
....###.# #.. #..# #..
... ... #.. ### ♣. #..
####


You could see an ogre.

Vanquished Creatures
  Edmund (D:5)
  3 ogres
  A bullfrog zombie (D:3)
  An orc priest (D:3)
  2 jellies (D:5)
  An orc wizard (D:2)
  7 adders
  11 gnolls
  An adder skeleton (D:4)
  A worm (D:2)
  6 dart slugs
  14 orcs
  4 ball pythons
  5 bats
  An endoplasm (D:1)
  7 giant cockroaches
  10 goblins
  6 hobgoblins
  3 quokkas
  4 frilled lizards
  5 kobolds
  A rat (D:1)
95 creatures vanquished.

Notes
Turn   | Place    | Note
-------+----------+-------------------------------------------
     0 | D:1      | pkoi the Minotaur Fighter began the quest for the Orb.
     0 | D:1      | Reached XP level 1. HP: 19/19 MP: 0/0
   191 | D:1      | Reached XP level 2. HP: 26/26 MP: 1/1
   287 | D:1      | You fall into a shaft and drop 1 floor!
   623 | D:1      | Found a faded altar of an unknown god.
  1011 | D:1      | Reached XP level 3. HP: 24/24 MP: 2/2
  1755 | D:2      | Found a burning altar of Makhleb.
  1766 | D:2      | Became a worshipper of Makhleb the Destroyer
  2194 | D:3      | Reached XP level 4. HP: 37/38 MP: 3/3
  2445 | D:3      | Reached skill level 1 in Invocations
  2787 | D:2      | Reached skill level 5 in Shields
  2787 | D:2      | Reached XP level 5. HP: 37/45 MP: 5/5
  2898 | D:3      | Reached skill level 5 in Long Blades
  3269 | D:3      | Reached * piety under Makhleb
  3336 | D:3      | Found a glowing silver altar of Zin.
  3414 | D:3      | Found an ornate altar of the Wu Jian Council.
  3437 | D:4      | Found a staircase to the Ecumenical Temple.
  3438 | D:4      | Noticed an ogre
  3571 | D:4      | Killed an ogre
  3572 | D:4      | Reached XP level 6. HP: 50/51 MP: 5/7
  3578 | Temple   | Entered the Ecumenical Temple
  4461 | D:4      | Found an opulent altar of Gozag.
  4854 | D:4      | Found Loeklu Goti's Self-Improvement Boutique.
  5046 | D:4      | Found a stormy altar of Qazlal.
  5094 | D:5      | Entered Level 5 of the Dungeon
  5229 | D:5      | Noticed Edmund
  5241 | D:5      | Reached XP level 7. HP: 43/57 MP: 8/8
  5266 | D:5      | Killed Edmund
  5572 | D:5      | HP: 2/57 [ogre (10)]
  5956 | D:5      | Slain by an ogre

Illustrated notes

Levels and vault maps discovered:
D:1:      zelgadis_glass_arrival_small, layout_basic,
          dilly_ecumenical_altar_fadedgnrine, bh_walls_and_bars
D:2:      layout_rooms, basic_altar, minmay_bisected
D:3:      layout_rooms, mainiacjoe_overflow_chevrons,
          lemuel_coloured_pillars_altar
D:4:      layout_basic, grunt_gozag_statues, nicolae_qazlal_eye_of_the_storm,
          minmay_temple_entry_sparse_star, nicolae_shop_self_help
D:5:      layout_basic, uniq_edmund, uniq_crazy_yiuf_cottage
Temple:   minmay_temple_forest_path

Skill      XL: |  1  2  3  4  5  6  7 |
---------------+----------------------+-----
Long Blades    | 3 4 5 6 |  6.7
Shields        | 4 5 6 |  6.9
Invocations    | 1 2 3 4 |  4.2
Fighting       | |  3.6
Armour         | |  3.6

Action                   |  1- 3 |  4- 6 |  7- 9 || total
-------------------------+-------+-------+-------++-------
Melee: Long sword        |   108 |   153 |    61 ||   322
       Headbutt          |    12 |    31 |    16 ||    59
  Use: Scroll            |     3 |     8 |       ||    11
Armor: Scale mail        |     1 |       |       ||     1
       Plate armour      |    67 |    95 |    13 ||   175
Dodge: Dodged            |     7 |    19 |     6 ||    32
Block: Kite shield       |    69 |    89 |    35 ||   193
       Rpst.: Long sword |       |     4 |       ||     4
